 Dungeon Crawl Stone Soup version 0.28-a0-1374-ga75cb3825e (webtiles) character file.

Game seed: 1380872440819224261

325 Crownlay the Digger (level 6, -4/32 HPs)
             Began as a Gargoyle Earth Elementalist on Dec 31, 2021.
             Slain by a river rat (8 damage)
             ... summoned by Eustachio
             ... on level 4 of the Dungeon.
             The game lasted 00:05:02 (2632 turns).

Crownlay the Digger (Gargoyle Earth Elementalist)   Turns: 2632, Time: 00:05:03

Health: -4/32      AC:  6    Str: 12    XL:     6   Next: 48%
Magic:  3/13       EV: 11    Int: 17    God:
Gold:   78         SH:  0    Dex: 10    Spells: 9/15 levels left

rFire   . . .      SeeInvis .   w - +4 spear
rCold   . . .      Faith    .   (no shield)
rNeg    + . .      Spirit   .   b - +0 robe
rPois   ∞          Reflect  .   (no helmet)
rElec   +          Harm     .   (no cloak)
rCorr   .          Rampage  .   (no gloves)
Will    .....                   (no boots)
Stlth   ++........              f - amulet of regeneration
HPRegen 0.90/turn               (no ring)
MPRegen 0.13/turn               (no ring)

@: no status effects
A: sickness immunity, AC +4, negative energy resistance 1, electricity
resistance, torment resistance 1, petrification resistance
a: no special abilities


You were on level 4 of the Dungeon.
You visited 1 branch of the dungeon, and saw 4 of its levels.

You collected 78 gold pieces.

Inventory:

Hand Weapons
 w - a +4 spear (weapon)
Missiles
 c - 127 stones
Armour
 b - a +0 robe (worn)
Jewellery
 f - an amulet of regeneration (around neck)
Wands
 s - a wand of charming (9)
Scrolls
 d - 2 scrolls of teleportation
 e - a scroll of immolation {unknown}
 g - a scroll of holy word {unknown}
 i - a scroll of magic mapping {unknown}
 m - a scroll of fear {unknown}
 n - a scroll of identify {unknown}
 o - a scroll of enchant armour {unknown}
 p - a scroll of amnesia {unknown}
 u - a scroll of vulnerability {unknown}
Potions
 a - a potion of berserk rage {unknown}
 j - 2 potions of flight {unknown}
 k - a potion of mutation {unknown}
 l - a potion of invisibility {unknown}
 q - a potion of brilliance {unknown}
 r - a potion of cancellation {unknown}
 v - a potion of curing {unknown}


   Skills:
 - Level 1.5 Dodging
 - Level 2.1 Stealth
 * Level 5.1 Spellcasting
 - Level 0.7 Transmutations
 + Level 5.6 Earth Magic


You had 9 spell levels left.
You knew the following spells:

 Your Spells              Type           Power      Damage    Failure   Level
a - Sandblast             Erth           46%        2d11      1%          1
b - Stone Arrow           Conj/Erth      28%        3d8       13%         3
c - Passwall              Tmut/Erth      12%        N/A       6%          2

Your spell library contained the following spells:

 Spells                   Type           Power      Damage    Failure   Level
 Petrify                  Tmut/Erth      15%        N/A       36%         4


Dungeon Overview and Level Annotations

Branches:
Dungeon (4/15)
 Temple: D:4-7

Altars:

Shops:
D:2 *

Annotations:
D:4 Eustachio


Innate Abilities, Weirdness & Mutations

You are immune to sickness and miasma.
Your stone body is resilient. (AC +4)
You are immune to poison.
You resist negative energy. (rN+)
You are resistant to electric shocks. (rElec)
You are resistant to unholy torment.
You are immune to petrification.


Message History

A hobgoblin comes into view.
Eustachio gestures wildly while chanting.
The blast of sand hits Eustachio.
Eustachio is heavily wounded.
The bat disappears in a puff of smoke!
The rat disappears in a puff of smoke!
Eustachio zaps a wand.
The puff of flame hits you. The rat bites you but does no damage.
The blast of sand hits Eustachio!
Eustachio is severely wounded.
The river rat bites you. The river rat closely misses you. The rat bites you.
Eustachio zaps a wand.
The puff of flame hits you! The river rat barely misses you.
You are too injured to fight recklessly!
Casting: Sandblast (safe; 1% risk of failure)
Confirm with . or Enter, or press ? or * to list all spells.
The spell is quite dangerous to miscast (13% risk of failure)!
Continue anyway?
Okay, then.
Casting: Stone Arrow (quite dangerous; 13% risk of failure)
Confirm with . or Enter, or press ? or * to list all spells.
Aiming: Sandblast (safe; 1% risk of failure)
Press: ? - help, Shift-Dir - straight line, f/p - Eustachio
Aim: Eustachio, wielding a +0 flail, wearing a +2 leather armour of willpower and carrying a wand of flame (15) (severely wounded, 73% to hit)
The blast of sand hits Eustachio.
Eustachio is almost dead.
The river rat closely misses you. The river rat bites you.
The rat barely misses you.
Eustachio zaps a wand.
The puff of flame hits you.
* * * LOW HITPOINT WARNING * * *
The river rat closely misses you.
Casting: Sandblast (safe; 1% risk of failure)
Confirm with . or Enter, or press ? or * to list all spells.
Aiming: Sandblast (safe; 1% risk of failure)
Press: ? - help, Shift-Dir - straight line, f/p - Eustachio
Aim: Eustachio, wielding a +0 flail, wearing a +2 leather armour of willpower and carrying a wand of flame (14) (almost dead, 73% to hit)
The blast of sand hits Eustachio.
Eustachio is almost dead.
The river rat closely misses you. The river rat misses you.
Eustachio hits you with a +0 flail.
* * * LOW HITPOINT WARNING * * *
The river rat bites you!
You die...

$... ... # .
... .. .. ..
..# ...#####.#
.. .......#.#
####.rrr..####
#....r@@gw....
#.##.)....####
#......#
#...^..#
.....###
#####.# .. #.


You could see Eustachio, a worm, 3 river rats, a hobgoblin and a rat (summoned).

Vanquished Creatures
  Grinder (D:4)
  Ijyb (D:3)
  Terence (D:2)
  2 adders
  3 worms (D:3)
  3 dart slugs
  2 orcs (D:3)
  5 ball pythons
  12 endoplasms
  3 giant cockroaches
  3 goblins
  2 hobgoblins
  8 kobolds
  A quokka (D:2)
  4 bats
  2 frilled lizards
  3 rats (D:3)
56 creatures vanquished.

Notes
Turn   | Place    | Note
-------+----------+-------------------------------------------
     0 | D:1      | Crownlay the Gargoyle Earth Elementalist began the quest
                  | for the Orb.
     0 | D:1      | Reached XP level 1. HP: 10/10 MP: 3/3
   136 | D:1      | Found a faded altar of an unknown god.
   178 | D:1      | Reached XP level 2. HP: 15/15 MP: 5/5
   799 | D:2      | Found Ligiutumm's Assorted Antiques.
  1076 | D:2      | Reached XP level 3. HP: 15/19 MP: 7/7
  1079 | D:2      | Learned a level 2 spell: Passwall
  1083 | D:2      | Learned a level 3 spell: Stone Arrow
  1271 | D:2      | Noticed Terence
  1283 | D:2      | Killed Terence
  1284 | D:2      | Reached XP level 4. HP: 24/24 MP: 0/9
  1925 | D:3      | Noticed Ijyb
  1945 | D:3      | Killed Ijyb
  2069 | D:3      | Reached XP level 5. HP: 14/28 MP: 6/11
  2504 | D:4      | Noticed Grinder
  2508 | D:4      | Noticed Eustachio
  2512 | D:4      | Killed Grinder
  2513 | D:4      | Reached skill level 5 in Spellcasting
  2513 | D:4      | Reached skill level 5 in Earth Magic
  2513 | D:4      | Reached XP level 6. HP: 15/32 MP: 3/13
  2632 | D:4      | Slain by a river rat

Illustrated notes

Levels and vault maps discovered:
D:1:      kennysheep_arrival_seaside, layout_loops_ring,
          ebering_ecumenical_altar_rust
D:2:      layout_loops_corners, serial_shops, shop_fountains,
          kennysheep_generic_room_7, uniq_terence
D:3:      layout_rooms, uniq_ijyb
D:4:      kennysheep_six_static_rooms, layout_basic, minmay_temple_entry_mist,
          uniq_crazy_yiuf_cottage, uniq_grinder, uniq_edmund, uniq_eustachio

Skill      XL: |  1  2  3  4  5 |
---------------+----------------+-----
Earth Magic    | 4 5 |  5.6
Spellcasting   | 3 4 5 |  5.1
Dodging        | |  1.5
Stealth        | |  2.1
Transmutations | |  0.7

Action                   |  1- 3 |  4- 6 || total
-------------------------+-------+-------++-------
Melee: Dagger            |    19 |       ||    19
       Short sword       |    58 |    58 ||   116
       Spear             |       |    20 ||    20
 Cast: Sandblast         |     4 |    46 ||    50
       Stone Arrow       |     2 |       ||     2
  Use: Scroll            |       |     1 ||     1
 Stab: Sleeping          |     3 |     2 ||     5
Armor: Robe              |    16 |    26 ||    42
Dodge: Dodged            |    41 |    53 ||    94

Table legend: (Time is in decaauts)
 A = Elapsed time spent in this place.
 B = Non-inter-level travel time spent in this place.
 C = Inter-level travel time spent in this place.
 D = Time resting spent in this place.
 E = Time spent auto-exploring this place.
 F = Levels seen in this place.
 G = Mean time per level.
                   A        B        C        D        E       F      G
               +--------+--------+--------+--------+--------+-----+--------+
         Total |   2645 |   2576 |     69 |      0 |   2066 |   4 |  661.2 |
       Dungeon |   2645 |   2576 |     69 |      0 |   2066 |   4 |  661.2 |
               +--------+--------+--------+--------+--------+-----+--------+

Top non-repeatable levels by time:
     D:2: 978 daAuts
     D:3: 860 daAuts
     D:1: 773 daAuts
     D:4: 33 daAuts
